 Dungeon Crawl Stone Soup version 0.29.0-4-gdea44cf6ec (webtiles) character file.

Game seed: 11023914724919359298

151 qw the Chopper (level 5, -7/30 HPs)
             Began as a Tengu Warper on Aug 28, 2022.
             Mangled by a gnoll
             ... wielding a +0 flail
              (11 damage)
             ... on level 3 of the Dungeon.
             The game lasted 00:00:19 (3293 turns).

qw the Chopper (Tengu Warper)                       Turns: 3293, Time: 00:00:19

Health: -7/30      AC:  3    Str: 13    XL:     5   Next: 33%
Magic:  9/9        EV: 14    Int: 13    God:
Gold:   136        SH:  0    Dex: 14    Spells: 8/8 levels left

rFire   . . .      SeeInvis .   Y - +0 hand axe
rCold   . . .      Faith    .   (no shield)
rNeg    . . .      Spirit   .   b - +0 leather armour
rPois   .          Reflect  .   (helmet restricted)
rElec   .          Harm     .   (no cloak)
rCorr   .          Rampage  .   (no gloves)
Will    .....                   (boots unavailable)
Stlth   +.........              (no amulet)
HPRegen 0.10/turn               (no ring)
MPRegen 0.11/turn               (no ring)

@: flying quickly and evasively, quick
A: beak, talons 3, nimble flight
a: no special abilities


You were on level 3 of the Dungeon.
You visited 1 branch of the dungeon, and saw 3 of its levels.

You collected 136 gold pieces.


Innate Abilities, Weirdness & Mutations

You have a beak for a mouth.
You have claws for feet.
Your magical nature lets you fly swiftly and evasively.


   Skills:
 - Level 2.0 Fighting
 + Level 5.9 Axes
 - Level 1.0 Throwing
 - Level 1.1 Armour
 - Level 2.1 Dodging
 - Level 2.0 Spellcasting
 - Level 2.4 Translocations


You had 8 spell levels left.
You didn't know any spells.
Your spell library contained the following spells:

 Spells                   Type           Power      Damage    Failure   Level
 Blink                    Tloc           14%        N/A       19%         2
 Gell's Gravitas          Tloc           7%         N/A       36%         3
 Lesser Beckoning         Tloc           7%         N/A       36%         3
 Teleport Other           Tloc           7%         N/A       36%         3
 Manifold Assault         Tloc           7%         N/A       98%         5

Inventory:

Hand Weapons
 f - a +0 mace
 Y - a +0 hand axe (weapon)
Armour
 a - a +1 hat
 b - a +0 leather armour (worn)
Potions
 c - a potion of might {unknown}
 e - a potion of haste {unknown}
 g - a potion of lignification {unknown}
 h - a potion of curing {unknown}

Dungeon Overview and Level Annotations

Branches:
Dungeon (3/15)

Altars:
Xom


Message History

You hit the gnoll.
The gnoll is moderately wounded.
You barely miss the gnoll. The gnoll hits you with a +0 flail!
The gnoll closely misses you.
You hit the gnoll.
The gnoll is moderately wounded.
You barely miss the gnoll. The gnoll barely misses you.
The gnoll closely misses you.
You closely miss the gnoll.
The gnoll is moderately wounded.
You completely miss the gnoll. The gnoll closely misses you.
The gnoll hits you with a +0 halberd.
You slash the gnoll! Your peck misses the gnoll.
The gnoll is almost dead.
You hit the gnoll.
A gnoll comes into view. It is wielding a +0 flail.
The gnoll closely misses you. The gnoll barely misses you.
The gnoll shouts!
You hit the gnoll.
You kill the gnoll!
You barely miss the gnoll. The gnoll closely misses you.
You closely miss the gnoll.
The gnoll is moderately wounded.
The gnoll barely misses you.
You hit the gnoll. You claw the gnoll.
The gnoll is severely wounded.
The gnoll closely misses you.
You hit the gnoll.
You kill the gnoll!
You hit the gnoll. Your kick misses the gnoll.
The gnoll is moderately wounded.
The gnoll barely misses you.
You hit the gnoll. You claw the gnoll.
The gnoll is severely wounded.
The gnoll hits you with a +0 flail.
You barely miss the gnoll.
The gnoll is severely wounded.
The gnoll hits you with a +0 flail!
You die...

.# ##...##.. .#
##.......# ..
.........### ##.#
........... ...#
..........# #..#
#.......# #g)#
#.....######@)#
#......[.....#
####
###.#######.......
...#####.#
########
.........#
##.####### ##.##
#...# ..#.#


You could see a gnoll.

Vanquished Creatures
  2 gnolls (D:3)
  5 adders (D:2)
  2 worms (D:2)
  A dart slug (D:2)
  6 ball pythons
  4 bats (D:1)
  8 endoplasms
  4 giant cockroaches
  13 goblins
  4 hobgoblins
  8 jackals
  A quokka (D:2)
  3 frilled lizards
  3 kobolds
  6 rats
70 creatures vanquished.

Notes
Turn   | Place    | Note
-------+----------+-------------------------------------------
     0 | D:1      | qw the Tengu Warper began the quest for the Orb.
     0 | D:1      | Reached XP level 1. HP: 12/12 MP: 4/4
     0 | D:1      | 0 ||| qw: Version: 0.1-a-89-g26bdef1
     0 | D:1      | 0 ||| qw: Game counter: 1366
     0 | D:1      | 0 ||| qw: Always use a shield: true
     0 | D:1      | 0 ||| qw: God list: Okawaru
     0 | D:1      | 0 ||| qw: Allow faded altars: false
     0 | D:1      | 0 ||| qw: Do Orc after D:15 true
     0 | D:1      | 0 ||| qw: Do second Lair branch before Depths: true
     0 | D:1      | 0 ||| qw: Lair rune preference: random
     0 | D:1      | 0 ||| qw: Plans: Normal
     0 | D:1      | 0 ||| PLANNING D:1-11
     5 | D:1      | You fall into a shaft and drop 1 floor!
   207 | D:2      | 207 ||| Stepping ~*~*~tactically~*~*~ (stealth).
   209 | D:2      | 209 ||| Stepping ~*~*~tactically~*~*~ (hiding).
   215 | D:2      | Reached skill level 3 in Axes
   215 | D:2      | Reached XP level 2. HP: 13/17 MP: 6/6
   395 | D:2      | Reached skill level 4 in Axes
   395 | D:2      | Reached XP level 3. HP: 17/21 MP: 7/7
   566 | D:2      | 566 ||| DROPPING +0 club.
   588 | D:2      | 588 ||| READING scroll labelled MYSYEGRAFAE.
   589 | D:2      | 589 ||| DROPPING scroll of blinking.
   879 | D:1      | 879 ||| Stepping ~*~*~tactically~*~*~ (stealth).
   881 | D:1      | 881 ||| Stepping ~*~*~tactically~*~*~ (stealth).
   901 | D:1      | 901 ||| Stepping ~*~*~tactically~*~*~ (stealth).
   903 | D:1      | 903 ||| Stepping ~*~*~tactically~*~*~ (stealth).
   904 | D:1      | 904 ||| Stepping ~*~*~tactically~*~*~ (stealth).
   907 | D:1      | Reached XP level 4. HP: 13/26 MP: 8/8
   908 | D:1      | 908 ||| Stepping ~*~*~tactically~*~*~ (stealth).
  1063 | D:1      | 1063 ||| Stepping ~*~*~tactically~*~*~ (stealth).
  1065 | D:1      | 1065 ||| Stepping ~*~*~tactically~*~*~ (stealth).
  1066 | D:1      | 1066 ||| Stepping ~*~*~tactically~*~*~ (stealth).
  1084 | D:1      | 1084 ||| Stepping ~*~*~tactically~*~*~ (stealth).
  1097 | D:1      | 1097 ||| Stepping ~*~*~tactically~*~*~ (stealth).
  1104 | D:1      | 1104 ||| Stepping ~*~*~tactically~*~*~ (stealth).
  1105 | D:1      | 1105 ||| Stepping ~*~*~tactically~*~*~ (stealth).
  1160 | D:1      | 1160 ||| Stepping ~*~*~tactically~*~*~ (stealth).
  1176 | D:1      | 1176 ||| Stepping ~*~*~tactically~*~*~ (stealth).
  1181 | D:1      | 1181 ||| Stepping ~*~*~tactically~*~*~ (stealth).
  1182 | D:1      | 1182 ||| Stepping ~*~*~tactically~*~*~ (stealth).
  1184 | D:1      | 1184 ||| Stepping ~*~*~tactically~*~*~ (stealth).
  1185 | D:1      | 1185 ||| Stepping ~*~*~tactically~*~*~ (stealth).
  1410 | D:1      | Reached skill level 5 in Axes
  1813 | D:1      | 1813 ||| READING scroll labelled DIFUGI WOVIAPT.
  1814 | D:1      | 1814 ||| READING scroll labelled RATAUT FOFELITH.
  2049 | D:2      | 2049 ||| Stepping ~*~*~tactically~*~*~ (stealth).
  2105 | D:2      | 2105 ||| FLEEEEING.
  2106 | D:2      | 2106 ||| FLEEEEING.
  2107 | D:2      | 2107 ||| FLEEEEING.
  2108 | D:2      | 2108 ||| FLEEEEING.
  2109 | D:2      | 2109 ||| FLEEEEING.
  2110 | D:2      | 2110 ||| FLEEEEING.
  2111 | D:2      | 2111 ||| FLEEEEING.
  2112 | D:2      | 2112 ||| FLEEEEING.
  2113 | D:2      | 2113 ||| FLEEEEING.
  2114 | D:2      | 2114 ||| FLEEEEING.
  2115 | D:2      | 2115 ||| FLEEEEING.
  2409 | D:2      | Gained mutation: Your magical nature lets you fly swiftly
                  | and evasively. [Tengu growth]
  2409 | D:2      | Reached XP level 5. HP: 30/30 MP: 9/9
  2451 | D:2      | Found a shimmering altar of Xom.
  2470 | D:2      | 2470 ||| Stepping ~*~*~tactically~*~*~ (stealth).
  2472 | D:2      | 2472 ||| Stepping ~*~*~tactically~*~*~ (stealth).
  2474 | D:2      | 2474 ||| Stepping ~*~*~tactically~*~*~ (stealth).
  2789 | D:2      | 2789 ||| READING scroll labelled AMATEAPTUSK.
  2790 | D:2      | 2790 ||| READING scroll labelled PIRUNO KOIRU.
  3015 | D:3      | 3015 ||| FLEEEEING.
  3016 | D:3      | 3016 ||| FLEEEEING.
  3017 | D:3      | 3017 ||| FLEEEEING.
  3018 | D:3      | 3018 ||| FLEEEEING.
  3019 | D:3      | 3019 ||| FLEEEEING.
  3020 | D:3      | 3020 ||| FLEEEEING.
  3021 | D:3      | 3021 ||| FLEEEEING.
  3022 | D:3      | 3022 ||| FLEEEEING.
  3023 | D:3      | 3023 ||| FLEEEEING.
  3024 | D:3      | 3024 ||| FLEEEEING.
  3025 | D:3      | 3025 ||| FLEEEEING.
  3026 | D:3      | 3026 ||| FLEEEEING.
  3027 | D:3      | 3027 ||| FLEEEEING.
  3044 | D:3      | 3044 ||| FLEEEEING.
  3045 | D:3      | 3045 ||| FLEEEEING.
  3046 | D:3      | 3046 ||| FLEEEEING.
  3047 | D:3      | 3047 ||| FLEEEEING.
  3048 | D:3      | 3048 ||| FLEEEEING.
  3049 | D:3      | 3049 ||| FLEEEEING.
  3050 | D:3      | 3050 ||| FLEEEEING.
  3051 | D:3      | 3051 ||| FLEEEEING.
  3054 | D:3      | 3054 ||| FLEEEEING.
  3055 | D:3      | 3055 ||| FLEEEEING.
  3056 | D:3      | 3056 ||| FLEEEEING.
  3057 | D:3      | 3057 ||| FLEEEEING.
  3058 | D:3      | 3058 ||| FLEEEEING.
  3059 | D:3      | 3059 ||| STAIRDANCE
  3276 | D:3      | 3276 ||| Stepping ~*~*~tactically~*~*~ (hiding).
  3292 | D:3      | HP: 3/30 [gnoll/+0 flail (6)]
  3293 | D:3      | Mangled by a gnoll

Levels and vault maps discovered:
D:1:      dpeg_arrival_arbitrary_a, layout_rooms
D:2:      minmay_chambers_of_twos, layout_basic, basic_altar, roderic_lattice_a
D:3:      minmay_goblin_kobold_castle, layout_loops_ring

Skill      XL: |  1  2  3  4 |
---------------+-------------+-----
Axes           | 3 4 5 |  5.9
Fighting       | |  2.0
Throwing       | |  1.0
Armour         | |  1.1
Dodging        | |  2.1
Spellcasting   | |  2.0
Translocations | |  2.4

Action                   |  1- 3 |  4- 6 || total
-------------------------+-------+-------++-------
Melee: Hand axe          |    65 |   110 ||   175
       Kick              |    19 |    26 ||    45
       Peck              |    10 |    11 ||    21
       Punch             |     1 |     1 ||     2
Throw: Boomerang         |     7 |       ||     7
  Use: Scroll            |     1 |     4 ||     5
Armor: Leather armour    |     9 |    23 ||    32
Dodge: Dodged            |    37 |    68 ||   105

Table legend:
 A = Non-vault XP
 B = Vault XP
 C = Vault XP percentage of total XP
 D = Non-vault monster count
 E = Vault monster count
 F = Vault count percentage of total count
                 A         B        C        D         E       F
            +---------+---------+-------+---------+---------+-------
      Total |     186 |      30 |  13.9 |      61 |       9 |  12.9
            +---------+---------+-------+---------+---------+-------
        D:1 |      56 |       0 |   0.0 |      31 |       0 |   0.0
        D:2 |      96 |      28 |  22.6 |      26 |       8 |  23.5
        D:3 |      34 |       2 |   5.6 |       4 |       1 |  20.0
            +---------+---------+-------+---------+---------+-------
